AoeStats
← THEMADBANANAMAN

Arabia

511127781Analyzed
1v1 RM · 4h ago on Oct 3, 2026· 56m 25s· 2 players
Game mode
Random Map
Map size
Tiny (2 player)
Population
200
Speed
Normal
Resources
Standard
Victory
Conquest
Starting age
Dark Age
Ending age
Imperial Age
RankedLock teamsTeams togetherTeam positionsShared explorationLock speedFull tech treeHidden civsTurbo modeCheats
Victory
Defeat
🇬🇧 Malians · United Kingdom
1446
+16
🇬🇧 Maya · United Kingdom
1437
-16
THEMADBANANAMAN
0:30 Loom
9:47 Feudal Age
10:49 Double-Bit Axe
17:16 Forging
16:58 Fletching
17:24 Padded Archer Armor
23:01 Castle Age
22:04 Gold Mining
23:42 Bodkin Arrow
23:10 Crossbowman
24:52 Thumb Ring
25:29 Leather Archer Armor
27:10 Ballistics
37:45 Imperial Age
35:28 Stone Mining
37:34 Wheelbarrow
39:03 Hand Cart
38:34 Town Watch
38:11 Arbalester
38:59 Bracer
44:35 Chemistry
44:59 Ring Archer Armor
45:10 Scale Mail Armor
45:21 Forging
44:46 Pikeman
46:15 Halberdier
48:16 Chain Mail Armor
48:37 Iron Casting
50:39 Plate Mail Armor
50:11 Squires
49:57 Arson
50:27 Town Patrol
52:32 Conscription
Trotsky
6:28 Loom
9:10 Feudal Age
10:16 Double-Bit Axe
10:12 Horse Collar
19:39 Castle Age
18:39 Scale Barding Armor
20:42 Chain Barding Armor
22:23 Bloodlines
23:10 Wheelbarrow
23:08 Bow Saw
25:57 Fletching
27:35 Forging
30:08 Hand Cart
30:20 Heavy Plow
30:47 Husbandry
30:45 Town Watch
33:21 Bodkin Arrow
40:02 Imperial Age
38:12 Town Patrol
39:40 Iron Casting
40:21 Scale Mail Armor
40:55 Farimba
40:29 Cavalier
41:53 Plate Barding Armor
42:54 Conscription
42:39 Tigui
43:43 Light Cavalry
45:36 Chemistry
45:40 Chain Mail Armor
44:50 Man-at-Arms
45:31 Squires
46:51 Long Swordsman
48:30 Plate Mail Armor
48:24 Two-Handed Swordsman
49:17 Padded Archer Armor
49:30 Gold Mining
49:31 Stone Mining
49:31 Champion
52:48 Crop Rotation
Connection lost

Rejoining the realm…

Still unreachable

The connection could not be restored.

Session expired

The server has moved on; the page needs a fresh start.